 Dungeon Crawl Stone Soup version 0.31-a0-150-g89dc3ad700 (webtiles) character file.

Game seed: 10655592519152113828

1718969 aesen the Crack Shot (level 25, 235/257 HPs)
             Began as a Yellow Draconian Wanderer on June 5, 2023.
             Was an Elder of Ashenzari.
             Escaped with the Orb
             ... and 3 runes on June 8, 2023!
             The game lasted 03:49:53 (63817 turns).

aesen the Crack Shot (Yellow Draconian Wanderer)   Turns: 63817, Time: 03:49:53

Health: 235/257    AC: 24    Str: 21    XL:     25   Next: 83%
Magic:  32/33      EV: 48    Int: 14    God:    Ashenzari [****..]
Gold:   4735       SH:  0    Dex: 34    Spells: 27/38 levels left

rFire   + . .        a - +7 longbow (heavy)
rCold   . . .        (shield currently unavailable)
rNeg    . . .        (body armour unavailable)
rPois   +            s - +2 hat "Levity of Ashenzari" {Self, Evo} (curse)
rElec   .            u - +1 cloak "Soothsayer of Ashenzari" {Cun, Comp} (curse)
rCorr   +            S - +0 pair of gloves of the Perceptive Failure {rPois Dex+3, Range, Comp} (curse)
SInv    +            T - +2 pair of boots "Seer of Ashenzari" {rampage, Evo, Self} (curse)
Will    +....        L - amulet of Ashenzari's Adversity {rPois rF+ Regen+ Int+3 Dex-3, Melee, Cun} (curse)
Stlth   ++           U - ring "Esoteric Fortune-Teller" {*Corrode rC- AC+4 Dex+9 Slay+2, Cun, Bglg} (curse)
HPRegen 1.42/turn    i - ring "Gotecine" {rPois rC+ Str+2 Dex+3 Slay+3}
MPRegen 0.23/turn

%: corrode self (3%), clarity, rampage
@: studying Staves
A: spit acid, AC +12, unfitting armour, acidic bite, cold-blooded, acid
resistance, agile 1, noise suppression
0: Orb of Zot
}: 3/15 runes: serpentine, barnacled, abyssal
a: Breathe Acid, Renounce Religion, Curse Item, Shatter the Chains


You escaped.
You worshipped Ashenzari.
Ashenzari was greatly pleased with you.
You visited 9 branches of the dungeon, and saw 46 of its levels.
You visited the Abyss 4 times.
You visited 1 bazaar.
You also visited: Trove, Ossuary and Desolation.

You collected 8636 gold pieces.
You spent 3901 gold pieces at shops.

Inventory:

Hand Weapons
 a - a +7 heavy longbow (weapon)
 b - the +5 arbalest "Draconian's Peril" {drain, rN+}
   (You acquired it on level 1 of the Snake Pit)

   rN:        It protects you from negative energy.
 Y - a +2 longbow of electrocution
Missiles
 m - 72 poisoned darts
 w - 11 throwing nets
 R - 12 curare-tipped darts
Armour
 s - the cursed +2 hat "Levity of Ashenzari" (worn) {Self, Evo}
   (You found it on level 3 of the Shoals)

   It has a curse which improves the following skills: Introspection: Fighting
   and Spellcasting.
   Evocations: Evocations.
 u - the cursed +1 cloak "Soothsayer of Ashenzari" (worn) {Cun, Comp}
   (You found it on level 4 of the Dungeon)

   It has a curse which improves the following skills: Cunning: Dodging and
   Stealth.
   Companions: Summonings and Necromancy.
 S - the cursed +0 pair of gloves of the Perceptive Failure (worn) {rPois Dex+3, Range, Comp}
   (You found it on level 3 of the Elven Halls)

   Dex:       It affects your dexterity (+3).
   rPois:     It protects you from poison.
   It has a curse which improves the following skills: Ranged Combat: Ranged
   Weapons and Throwing.
   Companions: Summonings and Necromancy.
 T - the cursed +2 pair of boots "Seer of Ashenzari" (worn) {rampage, Evo, Self}
   (You bought it in a shop on level 2 of the Orcish Mines)

   It has a curse which improves the following skills: Evocations: Evocations.
   Introspection: Fighting and Spellcasting.
Jewellery
 i - the ring "Gotecine" (right hand) {rPois rC+ Str+2 Dex+3 Slay+3}
   (You found it on level 2 of the Depths)

   [ring of poison resistance]

   Str:       It affects your strength (+2).
   Dex:       It affects your dexterity (+3).
   Slay:      It affects your accuracy & damage with ranged weapons and melee
   (+3).
   rC:        It protects you from cold.
   rPois:     It protects you from poison.
 x - the ring of the Mage {Wiz Archmagi}
   (You took it off a tengu reaver on level 2 of the Depths)

   [ring of wizardry]

   It improves your spell success rate.
   Archmagi:  It increases the power of your magical spells.
 J - a ring of flight
 L - the cursed amulet of Ashenzari's Adversity (around neck) {rPois rF+ Regen+ Int+3 Dex-3, Melee, Cun}
   (You bought it in a shop on level 2 of the Elven Halls)

   [amulet of regeneration]

   Int:       It affects your intelligence (+3).
   Dex:       It affects your dexterity (-3).
   rF:        It protects you from fire.
   rPois:     It protects you from poison.
   Regen:     It increases your rate of health regeneration.
   It has a curse which improves the following skills: Melee Combat: Short
   Blades, Long Blades, Axes, Maces & Flails, Polearms, Staves and Unarmed
   Combat.
   Cunning:   Dodging and Stealth.
 U - the cursed ring "Esoteric Fortune-Teller" (left hand) {*Corrode rC- AC+4 Dex+9 Slay+2, Cun, Bglg}
   (You bought it in a shop on level 11 of the Dungeon)

   [ring of protection]

   AC:        It affects your AC (+4).
   Dex:       It affects your dexterity (+9).
   Slay:      It affects your accuracy & damage with ranged weapons and melee
   (+2).
   rC:        It makes you vulnerable to cold.
   *Corrode:  It may corrode you when you take damage.
   It has a curse which improves the following skills: Cunning: Dodging and
   Stealth.
   Beguiling: Conjurations, Hexes and Translocations.
Wands
 f - a wand of polymorph (11)
 n - a wand of paralysis (9)
 C - a wand of flame (144)
 D - a wand of digging (7)
 K - a wand of acid (35)
 M - a wand of iceblast (7)
 O - a wand of mindburst (41)
Scrolls
 d - 10 scrolls of fog
 e - 8 scrolls of vulnerability
 g - 5 scrolls of teleportation
 k - 2 scrolls of torment
 v - 6 scrolls of magic mapping
 y - 11 scrolls of immolation
 z - 5 scrolls of brand weapon
 A - 9 scrolls of poison
 B - 2 scrolls of blinking
 G - 3 scrolls of silence
 Z - 4 scrolls of fear
Potions
 h - 17 potions of curing
 j - 2 potions of resistance
 l - 4 potions of mutation
 o - 2 potions of enlightenment
 p - 7 potions of haste
 q - 9 potions of lignification
 E - 8 potions of heal wounds
 F - 3 potions of invisibility
 H - 12 potions of attraction
 Q - 2 potions of ambrosia
 W - 2 potions of magic
Miscellaneous
 r - a box of beasts
 t - a lightning rod (4/4)
 N - a condenser vane (inert)
 P - a phial of floods
 X - a phantom mirror


   Skills:
 - Level 24.8(27) Fighting
 - Level 2.3(3.7) Maces & Flails
 - Level 2.0(3.4) Polearms
 + Level 25.0(26.4) Ranged Weapons
 - Level 1.0(2.0) Throwing
 - Level 23.9(27) Dodging
 - Level 2.8(5.7) Stealth
 - Level 1.0(2.1) Unarmed Combat
 - Level 4.6(7.1) Spellcasting
 - Level 4.0(5.7) Hexes
 - Level 6.1(8.0) Translocations
 - Level 2.7 Transmutations
 - Level 3.1 Fire Magic
 - Level 3.1 Air Magic
 - Level 4.0 Earth Magic
 - Level 12.8(15.4) Evocations


You had 27 spell levels left.
You knew the following spells:

 Your Spells              Type           Power      Damage    Failure   Level
a - Ensorcelled Hibernat  Hex/Ice        26%        N/A       7%          2
b - Inner Flame           Hex/Fire       17%        N/A       7%          3
c - Passwall              Tmut/Erth      11%        N/A       5%          2
d - Swiftness             Air            13%        N/A       12%         3
A - Apportation           Tloc           54%        N/A       1%          1

Your spell library contained the following spells:

 Spells                   Type           Power      Damage    Failure   Level
 Slow                     Hex            80%        N/A       1%          1
 Sandblast                Erth           32%        2d9       2%          1
 Portal Projectile        Hex/Tloc       48%        N/A       2%          3
 Confusing Touch          Hex            20%        N/A       4%          3
 Passage of Golubria      Tloc           27%        N/A       5%          4
 Scorch                   Fire           26%        2d6       6%          2
 Sting                    Tmut/Pois      32%        1d4       9%          1
 Poisonous Vapours        Pois/Air       18%        N/A       11%         2
 Static Discharge         Conj/Air       18%        2-3/arc   11%         2
 Necrotise                Necr           24%        1d5       12%         1
 Summon Small Mammal      Summ           24%        N/A       12%         1
 Summon Guardian Golem    Hex/Summ       13%        N/A       12%         3
 Magic Dart               Conj           20%        1d4       13%         1
 Cigotuvi's Dreadful Rot  Necr/Pois/Air  16%        N/A       13%         2
 Cause Fear               Hex            10%        N/A       14%         4
 Call Imp                 Summ           12%        N/A       19%         2
 Searing Ray              Conj           10%        2d4       19%         2
 Sublimation of Blood     Necr           6%         N/A       19%         2
 Ignite Poison            Fire/Tmut/Pois 10%        N/A       19%         3
 Stone Arrow              Conj/Erth      20%        3d8       19%         3
 Leda's Liquefaction      Hex/Erth       9%         N/A       19%         4
 Spider Form              Tmut/Pois      8%         N/A       24%         3
 Mephitic Cloud           Conj/Pois/Air  8%         N/A       26%         3
 Petrify                  Tmut/Erth      14%        N/A       34%         4
 Call Canine Familiar     Summ           6%         N/A       36%         3
 Vampiric Draining        Necr           6%         2d6       36%         3
 Frozen Ramparts          Ice            10%        1d2       38%         3
 Anguish                  Hex/Necr       6%         N/A       38%         4
 Fulminant Prism          Conj/Hex       6%         3d7       38%         4
 Silence                  Hex/Air        8%         N/A       54%         5
 Flame Wave               Conj/Fire      9%         2d6       56%         4
 Sticky Flame             Conj/Fire      9%         2d3       56%         4
 Summon Lightning Spire   Summ/Air       9%         N/A       56%         4
 Summon Forest            Summ/Tloc      8%         N/A       56%         5
 Yara's Violent Unravell  Hex/Tmut       8%         3d5       56%         5
 Ice Form                 Ice/Tmut       8%         N/A       63%         4
 Summon Mana Viper        Hex/Summ       13%        N/A       75%         5
 Animate Dead             Necr           6%         N/A       77%         4
 Blade Hands              Tmut           6%         N/A       77%         5
 Metabolic Englaciation   Hex/Ice        6%         N/A       77%         5
 Summon Ice Beast         Ice/Summ       5%         N/A       78%         4
 Olgreb's Toxic Radiance  Pois           5%         N/A       80%         4
 Borgnjor's Vile Clutch   Necr/Erth      5%         N/A       85%         5
 Irradiate                Conj/Tmut      4%         3d13      91%         5
 Alistair's Intoxication  Tmut/Pois      5%         N/A       92%         5
 Freezing Cloud           Conj/Ice/Air   4%         6-21      94%         5
 Agony                    Necr           6%         N/A       98%         5
 Statue Form              Tmut/Erth      9%         N/A       99%         6
 Conjure Ball Lightning   Conj/Air       4%         3x3d6     100%        6
 Death Channel            Necr           3%         N/A       100%        6
 Simulacrum               Ice/Necr       2%         N/A       100%        6
 Summon Cactus Giant      Summ           3%         N/A       100%        6
 Dragon Form              Tmut           6%         N/A       100%        7
 Enfeeble                 Hex            10%        N/A       100%        7
 Monstrous Menagerie      Summ           3%         N/A       100%        7
 Storm Form               Tmut/Air       6%         N/A       100%        7
 Discord                  Hex            10%        N/A       100%        8
 Disjunction              Tloc           13%        N/A       100%        8
 Lehudib's Crystal Spear  Conj/Erth      5%         10d3      100%        8
 Maxwell's Capacitive Co  Air            6%         ∞         100%        8
 Death's Door             Necr           3%         N/A       100%        9
 Animate Armour           Summ/Erth      Unusable   N/A       N/A         4

Dungeon Overview and Level Annotations

Branches:
Dungeon (15/15)            Temple (0/1) D:4            Lair (5/5) D:8
 Shoals (4/4) Lair:3        Snake (4/4) Lair:3        Slime (0/5) Lair:5
    Orc (2/2) D:11            Elf (3/3) Orc:2        Vaults (4/5) D:14
  Crypt (0/3) Vaults:2     Depths (4/4) D:15            Zot (5/5) Depths:4
Ossuary (visited)         Desolation (visited)

Altars:
Ashenzari
Cheibriados
Elyvilon
Fedhas
Gozag
Kikubaaqudgha
Nemelex Xobeh
Qazlal
Trog
Vehumet
Xom
Yredelemnul
Jiyva

Shops:
D:6 =!   D:10 !   D:11 =   Orc:2 [*(=   Elf:2 (==   Elf:3 !   Shoals:1 ?
Shoals:2 (   Snake:2 *   Vaults:1 (   Vaults:4 :

Portals:
Hell: Depths:1 Depths:2 Depths:3 Depths:4
Abyss: Depths:1 Depths:3 Depths:4
Pandemonium: Depths:2 Depths:4
Ziggurat: Depths:1

Annotations:
D:7 exclusion: door
Lair:2 exclusion: downstairs
Shoals:4 1 runed translucent door, kae's ghost, adept MfTm
Snake:3 3 runed translucent doors, eyesofgods1's ghost, adept DsCj
Elf:2 3 runed translucent doors
Zot:1 exclusion: 2 downstairs
Zot:5 2 exclusions


Innate Abilities, Weirdness & Mutations

You can spit globs of acid.
Your golden yellow scales are hard. (AC +12)
You cannot fit into any form of body armour.
You have acidic saliva.
You are cold-blooded and may be slowed by cold attacks.
You are resistant to acid. (rCorr)
You are agile. (Dex +4, Str/Int -1)
You passively dampen the noise of your surroundings.


Message History

(V) Vaults (C) Crypt (U) Depths (H) Hell (Z) Zot
Where to? (Enter - D:1 @ (x,y), ? - help)
What level of the Dungeon? (default 1, ? - help)
Items here: ))) [.
Things that are here:
a +0 dagger; a +0 whip
Things that are here:
a +0 leather armour; a +0 mace
There is a stone staircase leading up, spattered with blood here.
You climb upwards.
There is a stone staircase leading down here.
Things that are here:
a jackal skeleton; a jackal skeleton
There is a stone staircase leading up here.
You climb upwards.
There is a stone staircase leading down here.
A hellion comes into view.
Danger!
You shoot an arrow. The arrow hits the hellion.
The hellion is lightly wounded.
You shoot an arrow. The arrow hits the hellion!!
The hellion is severely wounded.
The hellion gestures at you.
The sphere of damnation explodes!
The damnation engulfs you!!
You shoot an arrow. The arrow hits the hellion!!
You kill the hellion!
Casting: Passwall (safe; 5% risk of failure)
Confirm with . or Enter, or press ? or * to list all spells.
Aiming: Passwall (safe; 5% risk of failure)
Press: ? - help, Dir - move target A rock wall.
This square is covered in magical glow.
You begin to meditate on the wall.
You continue meditating on the rock. x2
You finish merging with the rock. 2 large abominations come into view.
Danger!
There is a staircase leading out of the dungeon here.
Unknown command.
You have escaped!

.# #...####.##...#.###.## .#
#...........#......#.#
.###...##.#.##...#.###.##
...÷..###.#.###.##.###.#
.####.# #.#.........##.#
.####.###.#...#####..#.#
..........#..#.....#...#
.##.#.####..#.......#..##
.##.#.###..#....@....#..#######
.##.#.......#.......#.........#
.##.#.####.X.#.....#..#######.#
...........#..#####...# #.#
#.#.#...##.X........#.# #.#
#.#.###.####.#.######.# #.#
#.#.# #.# #.#........# #.#
....# #.# #.###.###### #.#
#)### #.# #.# #.# #.#


You could see 2 large abominations.

Vanquished Creatures
  2 dread liches (Zot:5)
  2 ancient liches
  4 orbs of fire (Zot:5)
  Mara (Elf:3)
  Margery (Depths:4)
  6 Killer Klowns (Zot:5)
  A caustic shrike (Depths:2)
  2 profane servitors
  3 golden dragons
  A bone dragon (Abyss:3)
  A Tzitzimitl (Depths:1)
  2 electric golems (Zot:5)
  A walking crystal tome (Depths:2)
  Rupert (D:15)
  24 Orb Guardians
  A deep elf blademaster (Elf:3)
  4 tentacled monstrosities
  5 liches
  A walking frostbound tome (Depths:3)
  4 death cobs
  2 deep elf master archers (Elf:3)
  4 quicksilver dragons
  A titan (Depths:2)
  Asterion (Depths:1)
  A kraken (Shoals:3)
  7 sphinxes
  5 tentacled starspawn
  Frances (Elf:1)
  10 tengu reavers
  11 nagarajas
  Donald (Vaults:3)
  10 storm dragons
  A fenstrider witch (shapeshifter) (Elf:3)
  10 fire giants
  4 draconian monks
  Ilsuiw (Shoals:4)
  3 deep elf sorcerers
  An iron dragon (Depths:2)
  6 draconian scorchers
  11 frost giants
  3 orc warlords
  3 deep elf elementalists (Elf:3)
  9 vault wardens
  A ghost moth (Zot:5)
  24 very ugly things
  4 spriggan defenders (Depths:2)
  A draconian shifter (Zot:1)
  A cacodemon (Zot:1)
  8 ironbound preservers
  A reaper (Abyss:2)
  A draconian annihilator (Zot:5)
  13 stone giants
  2 vampire knights (Depths:2)
  4 green draconians
  6 ironbound thunderhulks
  10 deep elf annihilators
  7 deep elf demonologists
  21 dire elephants
  2 lorocyprocas
  2 spark wasps (Depths:2)
  3 red draconians
  5 white draconians
  3 black draconians
  2 pearl dragon zombies (Depths:1)
  5 purple draconians
  2 yellow draconians (Zot:1)
  11 deep elf death magi
  A blizzard demon (Depths:3)
  The ghost of wayreth the Fighter, a journeyman DsBe of Trog (Orc:1)
  8 merfolk javelineers
  8 ettins
  A jiangshi (Vaults:2)
  12 fire dragons
  4 crystal guardians
  An entropy weaver (Vaults:3)
  3 yaktaur captains
  Josephine (D:14)
  8 merfolk impalers
  9 great orbs of eyes
  4 deep elf high priests
  10 ice dragons
  4 rakshasas
  3 vault guards
  13 hydras
  5 peacekeepers
  3 merfolk avatars (Shoals:4)
  3 salamander tyrants
  4 death knights
  5 ironbound frosthearts
  3 catoblepae
  7 spriggan air magi
  4 alligator snapping turtles
  Erica (Orc:1)
  6 boulder beetles
  14 dancing weapons
  3 merfolk aquamancers
  The ghost of flestrin the Destroyer, a journeyman OpCj of Sif Muna (D:9)
  8 anacondas
  3 satyrs
  29 centaur warriors
  6 deep troll earth magi
  10 two-headed ogres
  11 deep troll shamans
  3 vampire magi
  5 naga warriors
  3 hell hogs (Depths:1)
  9 naga sharpshooters
  A demonic crawler (Abyss:2)
  15 death yaks
  5 tengu warriors
  Urug (Orc:1)
  Nergalle (D:12)
  12 shock serpents
  A storm dragon zombie (Vaults:2)
  9 spriggan berserkers
  5 orc high priests
  3 soul eaters
  9 thrashing horrors
  12 hell knights
  8 spriggans
  10 deep elf knights
  6 skeletal warriors
  3 wretched stars
  8 iron trolls
  2 glowing orange brains
  A sixfirhy (Zot:1)
  6 skysharks
  6 salamander mystics
  A spatial maelstrom (Abyss:2)
  3 flayed ghosts
  12 sea snakes
  43 deep trolls
  A sea snake (shapeshifter) (Vaults:3)
  2 swamp dragons (Abyss:3)
  An obsidian statue (Zot:5)
  13 ironbound convokers
  6 naga ritualists
  13 deep elf archers
  An orange crystal statue (Vaults:1)
  4 lindwurms
  19 deep elf zephyrmancers
  15 orc knights
  14 wizards
  34 deep elf pyromancers
  2 phantasmal warriors (Vaults:2)
  10 mana vipers
  15 starcursed masses
  A bunyip skeleton (Abyss:2)
  4 necromancers
  10 orc sorcerers
  44 harpies
  A tengu skeleton (Vaults:2)
  8 cyclopes
  4 wolf spiders (D:15)
  14 manticores
  6 fauns
  39 ugly things
  A worldbinder (Abyss:3)
  4 apis skeletons (Depths:1)
  A moth of wrath (shapeshifter) (D:15)
  16 salamanders
  11 merfolk sirens
  6 moths of wrath
  An oklob plant (Lair:2)
  3 guardian serpents
  10 elephants
  38 black mambas
  2 smoke demons
  2 ice statues (Depths:3)
  18 vault sentinels
  4 apocalypse crabs
  3 gargoyles
  19 naga magi
  2 orange demons
  4 water nymphs
  6 unseen horrors
  An unseen horror (shapeshifter) (D:15)
  8 cane toads
  A kobold demonologist (D:12)
  A komodo dragon (shapeshifter) (D:15)
  3 hellions
  10 komodo dragons
  18 yaktaurs
  4 efreet
  A yaktaur (shapeshifter) (D:15)
  3 freezing wraiths (Depths:3)
  6 tengu conjurers
  3 rime drakes
  5 ancient zymes
  A red devil (Abyss:2)
  A merfolk (shapeshifter) (D:14)
  2 trolls (shapeshifter)
  7 trolls
  2 hellwings (Abyss:2)
  30 merfolk
  6 polar bears
  2 tarantellas (shapeshifter)
  4 meliai
  7 hornets
  6 raiju
  2 saltlings (Desolation)
  6 wind drakes
  24 dream sheep
  16 blink frogs
  A blink frog (shapeshifter) (D:15)
  23 slime creatures
  An elf zombie (Vaults:2)
  5 snapping turtles
  A flying skull (Abyss:2)
  5 wraiths
  A wyvern (Lair:1)
  A centaur simulacrum (D:15)
  A culicivora (Vaults:3)
  An air elemental (Elf:1)
  49 yaks
  4 fire elementals
  22 water elementals
  2 ynoxinuls
  13 large abominations
  A steam dragon (D:4)
  A basilisk (Lair:5)
  7 vampire mosquitoes (D:11)
  5 chaos spawn
  2 redbacks (Vaults:3)
  7 wargs
  59 nagas
  3 spatial vortices (Abyss:2)
  A glowing shapeshifter zombie (Vaults:2)
  3 acid dragons
  14 water moccasins
  A floating eye (Depths:2)
  A sky beast (D:7)
  3 ice beasts
  25 orc warriors
  5 black bears
  6 boggarts
  10 ogres
  25 wolves
  15 centaurs
  2 phantoms
  4 kobold brigands
  20 bullfrogs
  An earth elemental (Elf:2)
  A gnoll sergeant (D:11)
  3 scorpions
  12 small abominations
  8 wights
  5 killer bees
  An electric eel (D:7)
  2 howler monkeys
  2 quasits (Abyss:2)
  A hound (shapeshifter) (D:15)
  2 gnoll boudas
  5 jellies
  14 orc priests (Orc:2)
  6 hounds
  A sleepcap (D:4)
  An iron imp (Abyss:2)
  Jessica (D:3)
  2 iguanas
  33 orc wizards
  4 hell rats (Lair:3)
  A boggart simulacrum (D:15)
  8 mummies (Ossuary)
  17 gnolls
  4 river rats (Lair:3)
  9 adders
  A river rat (shapeshifter) (D:15)
  A shadow imp (D:7)
  2 white imps (D:7)
  3 ufetubi
  3 worms (D:2)
  3 dart slugs
  80 orcs
  4 ball pythons
  7 endoplasms
  6 giant cockroaches
  3 gnoll zombies (Ossuary)
  9 goblins
  7 hobgoblins
  13 jackals
  3 quokkas
  4 bats
  7 frilled lizards
  2 hobgoblin zombies (Ossuary)
  23 kobolds
  2 kobold zombies (Ossuary)
  An orc zombie (Ossuary)
  16 rats
  4 spectral weapons (D:9)
  A starspawn tentacle (Abyss:3)
  A tentacle (Shoals:3)
2044 creatures vanquished.

Vanquished Creatures (collateral kills)
  A deep elf sorcerer (Elf:3)
  A deep elf annihilator (Elf:3)
  A harpy (Shoals:4)
3 creatures vanquished.

Vanquished Creatures (others)
  A deep elf zephyrmancer (Elf:2)
  10 starspawn tentacles
  8 tentacles (Shoals:3)
19 creatures vanquished.

Grand Total: 2066 creatures vanquished

Notes
Turn   | Place    | Note
-------+----------+-------------------------------------------
     0 | D:1      | aesen the Draconian Wanderer began the quest for the Orb.
     0 | D:1      | aesen set off with the following items: a +2 spear, a
                  | scroll of vulnerability, a wand of flame (4), a scroll of
                  | fog.
     0 | D:1      | Reached XP level 1. HP: 19/19 MP: 1/1
   140 | D:1      | Reached skill level 1 in Ranged Weapons
   156 | D:1      | Reached XP level 2. HP: 26/26 MP: 2/2
   378 | D:1      | Reached skill level 2 in Ranged Weapons
   484 | D:1      | Reached XP level 3. HP: 31/31 MP: 3/3
   957 | D:2      | Reached skill level 1 in Dodging
   996 | D:2      | Reached skill level 3 in Ranged Weapons
   996 | D:2      | Reached XP level 4. HP: 38/38 MP: 4/4
  1570 | D:2      | Found a faded altar of an unknown god.
  1856 | D:3      | Noticed Jessica
  1866 | D:3      | Killed Jessica
  1867 | D:3      | Reached XP level 5. HP: 45/45 MP: 5/5
  2844 | D:4      | Reached skill level 1 in Maces & Flails
  2844 | D:4      | Reached skill level 4 in Ranged Weapons
  2957 | D:4      | Found a broken altar of Ashenzari.
  2988 | D:4      | Noticed a steam dragon
  3029 | D:4      | Became a worshipper of Ashenzari the Shackled
  3029 | D:4      | Noticed an ogre
  3102 | D:4      | Reached XP level 6. HP: 45/51 MP: 6/6
  3226 | D:4      | Found a staircase to the Ecumenical Temple.
  3788 | D:5      | Entered Level 5 of the Dungeon
  3910 | D:5      | Your scales start taking on a golden yellow colour.
  3910 | D:5      | Reached XP level 7. HP: 56/59 MP: 7/7
  3910 | D:5      | Gained mutation: You are resistant to acid. (rCorr) [Yellow
                  | Draconian growth]
  4082 | D:5      | Reached skill level 5 in Ranged Weapons
  4220 | D:4      | Reached skill level 6 in Ranged Weapons
  4295 | D:5      | Found a sparkling altar of Nemelex Xobeh.
  4462 | D:5      | Reached skill level 5 in Dodging
  4462 | D:5      | Reached XP level 8. HP: 66/66 MP: 8/8
  5045 | D:6      | Found Jesem's Jewellery Boutique.
  5080 | D:6      | Found Ihan's Distillery.
  5086 | D:6      | Bought a potion of curing for 36 gold pieces
  5086 | D:6      | Bought a potion of enlightenment for 60 gold pieces
  5086 | D:6      | Bought 2 potions of degeneration for 24 gold pieces
  5137 | D:6      | Reached * piety under Ashenzari
  5565 | D:6      | Reached skill level 7 in Ranged Weapons
  5963 | D:6      | Reached skill level 8 in Ranged Weapons
  6724 | D:7      | Reached XP level 9. HP: 71/72 MP: 9/9
  6795 | D:7      | Reached skill level 5 in Fighting
  7601 | D:8      | Found a sand-covered staircase.
  7614 | Ossuary  | Entered an ossuary
  8452 | D:8      | Reached skill level 9 in Ranged Weapons
  8704 | D:8      | Found a staircase to the Lair.
  9330 | D:9      | Found a runed translucent door.
  9338 | D:9      | Identified the +4 spear of Zupak {spect, +Blink Int+3}
  9338 | D:9      | Identified the +1 robe "Fogen" {Rampage rElec Str+3 Int+3}
  9370 | D:9      | Noticed flestrin's ghost (journeyman OpCj)
  9637 | D:9      | Noticed a polar bear
  9655 | D:9      | Reached XP level 10. HP: 74/83 MP: 10/10
  9752 | Lair:1   | Entered Level 1 of the Lair of Beasts
  9759 | Lair:1   | Reached skill level 10 in Ranged Weapons
  9892 | D:9      | Reached skill level 1 in Hexes
  9977 | D:9      | Reached ** piety under Ashenzari
 10047 | D:9      | Noticed a centaur warrior
 10050 | D:9      | Reached skill level 1 in Spellcasting
 10070 | D:9      | Killed a centaur warrior
 10239 | D:9      | Noticed a two-headed ogre
 10290 | D:9      | Noticed a two-headed ogre
 10295 | D:9      | Killed a two-headed ogre
 10662 | D:9      | Noticed a tengu warrior
 10924 | Lair:1   | Noticed a cane toad
 10942 | Lair:1   | Learned a level 2 spell: Ensorcelled Hibernation
 11023 | Lair:1   | Reached skill level 1 in Fire Magic
 11023 | Lair:1   | Reached skill level 1 in Air Magic
 11306 | Lair:1   | Learned a level 3 spell: Inner Flame
 11315 | Lair:1   | Found a bloodstained altar of Trog.
 11383 | Lair:1   | Noticed a cane toad
 11388 | Lair:1   | Killed a cane toad
 11389 | Lair:1   | Reached XP level 11. HP: 92/92 MP: 11/16
 11938 | Lair:1   | Reached *** piety under Ashenzari
 11998 | Lair:1   | Reached skill level 11 in Ranged Weapons
 13073 | Lair:2   | Identified the +0 chain mail of Wonder {*Corrode Int+5
                  | Dex+3}
 13202 | D:6      | Bought an amulet of reflection for 360 gold pieces
 13357 | D:9      | Killed a tengu warrior
 13358 | D:9      | Reached skill level 12 in Ranged Weapons
 13606 | D:9      | Noticed a white ugly thing
 13622 | D:9      | Learned a level 2 spell: Passwall
 13694 | D:9      | Killed a two-headed ogre
 13902 | D:10     | Entered Level 10 of the Dungeon
 13943 | D:10     | Reached **** piety under Ashenzari
 14143 | D:10     | Found Jissihiw's Distillery.
 14169 | D:10     | Noticed a two-headed ogre
 14202 | D:10     | Noticed a two-headed ogre
 14206 | D:10     | Reached XP level 12. HP: 101/106 MP: 20/20
 14236 | D:10     | Killed a two-headed ogre
 14476 | D:10     | Killed a two-headed ogre
 14599 | D:10     | Found a white marble altar of Elyvilon.
 14689 | D:11     | Noticed a two-headed ogre
 14699 | D:11     | Killed a two-headed ogre
 14700 | D:11     | Reached skill level 5 in Evocations
 15056 | D:11     | Found a staircase to the Orcish Mines.
 15094 | D:11     | Found Sufracac's Jewellery Boutique.
 15096 | D:11     | Found a portal to a secret trove of treasure.
 15206 | D:11     | Reached skill level 10 in Dodging
 15966 | Lair:2   | Found a stormy altar of Qazlal.
 16092 | Lair:2   | Reached ***** piety under Ashenzari
 16597 | Lair:2   | Noticed a death yak
 16597 | Lair:2   | Noticed a death yak
 16597 | Lair:2   | Noticed a death yak
 16597 | Lair:2   | Noticed a death yak
 16598 | Lair:2   | Noticed a death yak
 16599 | Lair:2   | Noticed a death yak
 16608 | Lair:2   | Killed a death yak
 16608 | Lair:2   | Killed a death yak
 16609 | Lair:2   | Killed a death yak
 16610 | Lair:2   | Killed a death yak
 16620 | Lair:2   | Killed a death yak
 16620 | Lair:2   | Killed a death yak
 16621 | Lair:2   | Reached XP level 13. HP: 80/119 MP: 23/23
 17383 | Lair:3   | Reached skill level 10 in Fighting
 17392 | Lair:3   | Found a staircase to the Shoals.
 18101 | Lair:3   | Found a staircase to the Snake Pit.
 18470 | Lair:4   | Reached skill level 1 in Stealth
 19362 | Orc:1    | Entered Level 1 of the Orcish Mines
 19526 | Orc:1    | Noticed Erica
 19737 | Orc:1    | Found a transporter.
 19737 | Orc:1    | Found a transporter.
 19747 | Orc:1    | Found a bloodstained altar of Trog.
 19755 | Orc:1    | Noticed a stone giant
 19758 | Orc:1    | Noticed wayreth's ghost (journeyman DsBe)
 19783 | Orc:1    | Killed Erica
 19947 | Orc:2    | Entered Level 2 of the Orcish Mines
 19961 | Orc:2    | Found a staircase to the Elven Halls.
 19964 | Orc:2    | Found a flickering gateway to a bazaar.
 20037 | Bazaar   | Entered a bazaar
 20037 | Bazaar   | Found Rieghoxi's General Store.
 20037 | Bazaar   | Found Zuduohonoh's Antique Armour Shop.
 20061 | Bazaar   | Found Idghieree's Antique Weapon Shop.
 20100 | Bazaar   | Bought a potion of haste for 170 gold pieces
 20100 | Bazaar   | Bought 3 curare-tipped darts for 61 gold pieces
 20493 | Orc:2    | Paralysed by an orc sorcerer for 2 turns
 20567 | Orc:2    | Gained mutation: You have acidic saliva. [Yellow Draconian
                  | growth]
 20567 | Orc:2    | Reached XP level 14. HP: 111/133 MP: 17/24
 21278 | Orc:2    | Noticed an orc warlord
 21553 | Orc:1    | Noticed Urug
 21667 | Orc:2    | Killed an orc warlord
 22558 | Orc:2    | Found Tustugob's Antique Armour Shop.
 22559 | Orc:2    | Found Paekh's Antique Weapon Shop.
 22561 | Orc:2    | Found Qaxov's General Store.
 22561 | Orc:2    | Found Mogig's Jewellery Boutique.
 22578 | Orc:2    | Bought a ring of poison resistance for 220 gold pieces
 22605 | Orc:2    | Bought a pair of runed boots for 165 gold pieces
 22846 | Lair:5   | Entered Level 5 of the Lair of Beasts
 23184 | Lair:5   | Found a runed translucent door.
 23184 | Lair:5   | Found a viscous altar of Jiyva.
 23184 | Lair:5   | Found a staircase to the Slime Pits.
 24189 | Lair:5   | Reached skill level 13 in Ranged Weapons
 25030 | Lair:5   | Reached XP level 15. HP: 119/147 MP: 26/26
 25372 | Lair:5   | Identified the +5 ring mail of Sophism {Regen+}
 25516 | Snake:1  | Entered Level 1 of the Snake Pit
 26167 | Snake:1  | Identified 3 scrolls of acquirement
 26193 | Snake:1  | Reached skill level 14 in Ranged Weapons
 26197 | Snake:1  | Learned a level 3 spell: Swiftness
 26341 | Snake:1  | Reached skill level 1 in Transmutations
 26341 | Snake:1  | Reached skill level 1 in Earth Magic
 26431 | Snake:1  | Acquired 1069 gold pieces
 26433 | Snake:1  | Acquired the +5 arbalest "Draconian's Peril" {drain, rN+}
 26434 | Snake:1  | Acquired the +3 shortbow of the Incandescent {freeze, rPois
                  | Str+2}
 26668 | D:11     | Bought the ring of the Death Scarab {*Corrode rC- AC+4
                  | Dex+9 Slay+2} for 807 gold pieces
 27694 | Snake:2  | Found Joeps's General Store.
 27913 | Snake:2  | Noticed a nagaraja
 28050 | Snake:2  | Killed a nagaraja
 28264 | Snake:2  | Noticed a nagaraja
 28281 | Snake:2  | Killed a nagaraja
 28389 | Snake:2  | Reached skill level 15 in Ranged Weapons
 29391 | Snake:3  | Reached skill level 16 in Ranged Weapons
 29410 | Snake:3  | Found a runed translucent gate.
 29410 | Snake:3  | Found a runed translucent gate.
 29411 | Snake:3  | Found a runed translucent gate.
 29441 | Snake:3  | Reached XP level 16. HP: 132/151 MP: 25/25
 29522 | Snake:3  | Noticed eyesofgods1's ghost (adept DsCj)
 29936 | Snake:3  | Reached skill level 15 in Dodging
 30913 | Snake:4  | Entered Level 4 of the Snake Pit
 31108 | D:6      | Bought a ring of protection from cold for 300 gold pieces
 33225 | Snake:4  | Got a serpentine rune of Zot
 33861 | Shoals:1 | Entered Level 1 of the Shoals
 33879 | Lair:3   | Reached skill level 15 in Fighting
 33913 | Shoals:1 | Reached XP level 17. HP: 161/161 MP: 26/26
 34195 | Shoals:1 | Found Yrryow Upuys's Magic Scroll Boutique.
 34200 | Shoals:1 | Bought a scroll of butterflies for 56 gold pieces
 35014 | Shoals:2 | Found Wiadditz's Antique Weapon Shoppe.
 35514 | Shoals:3 | Reached skill level 17 in Ranged Weapons
 35583 | Shoals:3 | Noticed a kraken
 35615 | Shoals:3 | Killed a kraken
 35786 | Shoals:4 | Entered Level 4 of the Shoals
 35786 | Shoals:4 | Noticed Ilsuiw
 36282 | Shoals:4 | Killed Ilsuiw
 36505 | Shoals:4 | Found a runed translucent door.
 36506 | Shoals:4 | Found a shimmering altar of Xom.
 36506 | Shoals:4 | Noticed kae's ghost (adept MfTm)
 36571 | Shoals:4 | Identified the +1 war axe "Filask" {flame, rF+ Int+2}
 36576 | Shoals:4 | Reached skill level 18 in Ranged Weapons
 37004 | Shoals:4 | Reached XP level 18. HP: 116/176 MP: 27/27
 37474 | Shoals:4 | Got a barnacled rune of Zot
 38040 | D:12     | Noticed Nergalle
 38048 | D:12     | Killed Nergalle
 38915 | D:14     | Noticed Josephine
 39110 | D:14     | Killed Josephine
 39135 | D:14     | Found an opulent altar of Gozag.
 39877 | Shoals:1 | Bought a scroll of enchant armour for 105 gold pieces
 40192 | D:14     | Found a gate to the Vaults.
 40256 | D:15     | Entered Level 15 of the Dungeon
 40582 | D:15     | Found a staircase to the Depths.
 40664 | D:15     | Found an ancient bone altar of Kikubaaqudgha.
 40664 | D:15     | Found a snail-covered altar of Cheibriados.
 40665 | D:15     | Found a blossoming altar of Fedhas.
 41198 | D:15     | Noticed Rupert
 41352 | D:15     | Killed Rupert
 41800 | D:15     | Reached XP level 19. HP: 150/191 MP: 30/30
 42337 | Vaults:1 | Entered Level 1 of the Vaults
 42411 | Vaults:1 | Upgraded the game from 0.31-a0-145-g046c7d2549 to
                  | 0.31-a0-149-g3fdcc5976a
 42456 | Vaults:1 | Reached skill level 19 in Ranged Weapons
 42610 | Abyss:2  | Found a corrupted altar of Lugonu.
 42610 | Abyss:2  | Cast into level 2 of the Abyss (a wizard)
 42663 | Abyss:2  | Found a corrupted altar of Lugonu.
 42663 | Abyss:2  | Found a corrupted altar of Lugonu.
 42663 | Abyss:2  | Found a corrupted altar of Lugonu.
 42826 | Abyss:2  | Found a shadowy altar of Dithmenos.
 43015 | Vaults:1 | Escaped the Abyss
 43801 | Vaults:1 | Found Pelett's Weapon Boutique.
 45538 | Vaults:2 | Found a staircase to the Crypt.
 46485 | Vaults:2 | Reached XP level 20. HP: 206/206 MP: 31/31
 46560 | Vaults:3 | Identified the +11 short sword "Demonslayer" {vamp, rC+
                  | Str-4 Dex+4}
 46618 | Vaults:3 | Found a crumbling gateway.
 46626 | Desolati | Entered the Desolation of Salt
 47532 | Vaults:3 | Noticed Donald
 47542 | Vaults:3 | Killed Donald
 48723 | Elf:1    | Entered Level 1 of the Elven Halls
 48735 | Elf:1    | Paralysed by an orc sorcerer for 3 turns
 48742 | Elf:1    | Reached skill level 1 in Translocations
 48861 | Elf:1    | Learned a level 1 spell: Apportation
 49163 | Elf:1    | Noticed Frances
 49176 | Elf:1    | Killed Frances
 49455 | Elf:1    | Identified the Reference Book on the Vehement Shift
 49729 | Elf:2    | Found Wamor's Jewellery Boutique.
 49842 | Elf:2    | Reached skill level 5 in Translocations
 49920 | Elf:2    | Found Mamamirgh's Jewellery Shop.
 50047 | Elf:2    | Found Acuqid's Antique Weapon Boutique.
 50089 | Elf:2    | Reached XP level 21. HP: 167/217 MP: 33/33
 50187 | Elf:2    | Found a runed translucent gate.
 50187 | Elf:2    | Found a runed translucent gate.
 50187 | Elf:2    | Found a runed translucent gate.
 50277 | Elf:3    | Entered Level 3 of the Elven Halls
 50462 | Elf:3    | Found Xizuomn's Distillery.
 50587 | Elf:3    | Noticed Mara
 50593 | Elf:3    | Noticed aesen's illusion
 50607 | Elf:3    | Noticed aesen's illusion
 50619 | Elf:3    | Killed Mara
 51059 | Elf:3    | an iron giant changed into a golden dragon
 51059 | Elf:3    | Noticed a golden dragon (glowing shapeshifter)
 51060 | Elf:3    | a golden dragon changed into an alligator snapping turtle
 51258 | Elf:3    | Identified the +10 mace of Valour {freeze, Fragile Fly
                  | Will+++ Int-3}
 51324 | Elf:3    | Identified the +1 halberd "Enouvue" {venom, Str+6}
 51337 | Elf:3    | Reached skill level 10 in Evocations
 51340 | Abyss:2  | Found a corrupted altar of Lugonu.
 51340 | Abyss:2  | Cast into level 2 of the Abyss (a deep elf demonologist)
 51606 | Abyss:2  | Noticed a dread lich
 51641 | Abyss:2  | Upgraded the game from 0.31-a0-149-g3fdcc5976a to
                  | 0.31-a0-150-g89dc3ad700
 51845 | Abyss:2  | Noticed a profane servitor
 51862 | Abyss:2  | Killed a profane servitor
 51866 | Elf:3    | Escaped the Abyss
 52007 | Elf:3    | Identified the +5 halberd of Winter {pain, Drain Fly Int+5}
 52007 | Elf:3    | Identified the +8 plate armour of Gala {rCorr Int+3}
 52064 | Elf:3    | Identified the +0 pair of gloves "Betz" {rPois Dex+3}
 52065 | Elf:3    | Identified the +8 short sword "Killer Klown's Regret"
                  | {drain, +Blink rC- Dex+3}
 52135 | Elf:3    | Identified the ring of Gopneom {*Slow rPois rF- MP+9 Int+9}
 52149 | Elf:3    | Identified the Quarto of Horrible Contamination
 52213 | Elf:3    | Identified the staff of conjuration "Zooz" {rPois rCorr
                  | Str+3 Stlth+}
 52316 | Elf:3    | Bought a potion of mutation for 128 gold pieces
 52316 | Elf:3    | Bought a potion of heal wounds for 80 gold pieces
 52316 | Elf:3    | Bought a potion of enlightenment for 80 gold pieces
 52316 | Elf:3    | Bought a potion of magic for 128 gold pieces
 52316 | Elf:3    | Bought a potion of invisibility for 128 gold pieces
 52387 | Elf:2    | Bought the amulet of Divine Compulsion {rPois rF+ Regen+
                  | Int+3 Dex-3} for 626 gold pieces
 52836 | Vaults:4 | Found Uroamit's Book Emporium.
 52986 | Vaults:4 | Paralysed by a great orb of eyes for 3 turns
 53068 | Vaults:4 | Identified the amulet "Eseutt" {Faith -Tele Rampage rN+
                  | Str+8}
 53517 | Vaults:4 | Paralysed by a sphinx for 2 turns
 54223 | Depths:1 | Entered Level 1 of the Depths
 54258 | Depths:1 | Found a one-way gate to the infinite horrors of the Abyss.
 54290 | Depths:1 | Reached XP level 22. HP: 218/219 MP: 26/32
 54403 | Depths:1 | Found a basalt altar of Yredelemnul.
 54563 | Depths:1 | Noticed Asterion
 54567 | Depths:1 | Killed Asterion
 54668 | Depths:1 | Found a one-way gateway to a ziggurat.
 54669 | Depths:1 | Found a gateway to Hell.
 54895 | Depths:2 | Identified the ring "Gotecine" {rPois rC+ Str+2 Dex+3
                  | Slay+3}
 55022 | Depths:2 | Reached skill level 20 in Ranged Weapons
 55023 | Depths:2 | Noticed a caustic shrike
 55043 | Depths:2 | Killed a caustic shrike
 55508 | Depths:2 | Found a one-way gate leading to the halls of Pandemonium.
 55544 | Depths:2 | Identified the staff of fire "Riakk" {rElec rF+ rC- Dex+3}
 56242 | Depths:2 | Found a bloodstained altar of Trog.
 56657 | Orc:1    | Killed wayreth's ghost
 56724 | Orc:1    | Killed Urug
 56881 | D:9      | Killed flestrin's ghost
 58350 | Depths:1 | Voluntarily entered the Abyss.
 58495 | Abyss:3  | Reached XP level 23. HP: 238/238 MP: 33/33
 58501 | Abyss:3  | Found a corrupted altar of Lugonu.
 58534 | Abyss:3  | Reached skill level 21 in Ranged Weapons
 58551 | Abyss:3  | Found a corrupted altar of Lugonu.
 58571 | Abyss:3  | Got an abyssal rune of Zot
 58609 | Depths:1 | Escaped the Abyss
 58916 | Elf:2    | Bought a ring of flight for 367 gold pieces
 59054 | D:11     | You showed the abyssal rune of Zot to enter a treasure
                  | trove
 59055 | Trove    | Entered a treasure trove
 59098 | Trove    | Identified the amulet of Qeiproce {Spirit Rampage rF+ rN+
                  | Dex+3}
 59098 | Trove    | Identified the amulet "Vuagader" {RegenMP MP+9 Int+4}
 59153 | D:11     | Reached XP level 24. HP: 249/249 MP: 33/33
 59549 | Depths:3 | Found a radiant altar of Vehumet.
 59587 | Depths:3 | Reached skill level 22 in Ranged Weapons
 60170 | Depths:3 | Noticed an ancient lich
 60247 | Depths:3 | Killed an ancient lich
 60442 | Depths:4 | Entered Level 4 of the Depths
 60620 | Depths:4 | Noticed Margery
 60710 | Depths:4 | Killed Margery
 60969 | Depths:4 | Found a gate to the Realm of Zot.
 61565 | Zot:1    | Entered Level 1 of the Realm of Zot
 61896 | Zot:3    | Reached XP level 25. HP: 257/257 MP: 33/33
 61930 | Zot:5    | Entered Level 5 of the Realm of Zot
 62204 | Zot:5    | Noticed an ancient lich
 62327 | Zot:5    | Noticed a dread lich
 62356 | Zot:5    | Killed a dread lich
 62357 | Zot:5    | Reached skill level 23 in Ranged Weapons
 62400 | Zot:5    | Killed an ancient lich
 62516 | Zot:5    | Noticed an orb of fire
 62536 | Zot:5    | Killed an orb of fire
 62588 | Zot:5    | Noticed a Killer Klown
 62601 | Zot:5    | Killed a Killer Klown
 62649 | Zot:5    | Noticed a Killer Klown
 62655 | Zot:5    | Killed a Killer Klown
 62735 | Zot:5    | Noticed a Killer Klown
 62746 | Zot:5    | Killed a Killer Klown
 62752 | Zot:5    | Noticed a Killer Klown
 62756 | Zot:5    | Killed a Killer Klown
 62773 | Zot:5    | Noticed a Killer Klown
 62794 | Zot:5    | Killed a Killer Klown
 62807 | Zot:5    | Identified the cursed +1 cloak "Soothsayer of Ashenzari"
                  | {Cun, Comp} (You found it on level 4 of the Dungeon)
 62807 | Zot:5    | Identified the cursed +2 hat "Levity of Ashenzari" {Self,
                  | Evo} (You found it on level 3 of the Shoals)
 62807 | Zot:5    | Identified the cursed +2 pair of boots "Seer of Ashenzari"
                  | {rampage, Evo, Self} (You bought it in a shop on level 2 of
                  | the Orcish Mines)
 62860 | Zot:5    | Noticed a Killer Klown
 62864 | Zot:5    | Noticed a dread lich
 62864 | Zot:5    | Noticed an orb of fire
 62868 | Zot:5    | Gained mutation: Your magical capacity is low. (-10% MP)
                  | [an orb of fire]
 62880 | Zot:5    | Killed an orb of fire
 62890 | Zot:5    | Killed a Killer Klown
 62899 | Zot:5    | Reached skill level 24 in Ranged Weapons
 62922 | Zot:5    | Killed a dread lich
 63023 | Zot:5    | Noticed an orb of fire
 63076 | Zot:5    | Gained mutation: You occasionally shout uncontrollably at
                  | your foes. [an orb of fire]
 63078 | Zot:5    | Noticed an orb of fire
 63083 | Zot:5    | Killed an orb of fire
 63085 | Zot:5    | Gained mutation: Your spells are a little easier to cast,
                  | but a little less powerful. [an orb of fire]
 63085 | Zot:5    | Gained mutation: You sometimes lose your temper in combat.
                  | [an orb of fire]
 63095 | Zot:5    | Gained mutation: You are weak. (Str -2) [an orb of fire]
 63097 | Zot:5    | Killed an orb of fire
 63101 | Zot:5    | Lost mutation: You sometimes lose your temper in combat.
                  | [potion of mutation]
 63101 | Zot:5    | Lost mutation: Your magical capacity is low. (-10% MP)
                  | [potion of mutation]
 63101 | Zot:5    | Gained mutation: You are somewhat resistant to further
                  | mutation. [potion of mutation]
 63102 | Zot:5    | Lost mutation: You are weak. (Str -2) [potion of mutation]
 63102 | Zot:5    | Lost mutation: You are somewhat resistant to further
                  | mutation. [potion of mutation]
 63102 | Zot:5    | Lost mutation: You occasionally shout uncontrollably at
                  | your foes. [potion of mutation]
 63102 | Zot:5    | Gained mutation: Your mind is acute. (Int +4, Str/Dex -1)
                  | [potion of mutation]
 63103 | Zot:5    | Lost mutation: Your spells are a little easier to cast, but
                  | a little less powerful. [potion of mutation]
 63103 | Zot:5    | Lost mutation: Your mind is acute. (Int +4, Str/Dex -1)
                  | [potion of mutation]
 63103 | Zot:5    | Gained mutation: You are agile. (Dex +4, Str/Int -1)
                  | [potion of mutation]
 63103 | Zot:5    | Gained mutation: You passively dampen the noise of your
                  | surroundings. [potion of mutation]
 63200 | Zot:5    | Got the Orb of Zot
 63435 | Depths:1 | Noticed Kurarurr the pandemonium lord
 63438 | Abyss:5  | Cast into level 5 of the Abyss (Kurarurr)
 63466 | Depths:1 | Escaped the Abyss
 63529 | D:13     | Noticed Gupym the pandemonium lord
 63709 | D:6      | Reached skill level 25 in Ranged Weapons
 63817 | D:$      | Escaped with the Orb!

Illustrated notes

Levels and vault maps discovered:
D:1:      scummos_arrival_hexagon, layout_loops_ring
D:2:      layout_rooms, dilly_ecumenical_altar_fadedgnrine,
          serial_co_window_serial, co_window_paths_a, co_window_cross_1,
          co_window_corner_a, co_window_paths_b, co_window_paths_a,
          co_window_2corner, co_window_corner_b, co_window_unsneaky_path_a,
          co_window_2corner, co_window_broadway_b, co_window_paths_d,
          glass_columns_a, glass_columns_a, glass_columns_a, glass_columns_a,
          glass_columns_a
D:3:      layout_basic, uniq_jessica
D:4:      layout_loops_ring, nicolae_ashenzari_panopticon,
          minmay_temple_entry_enclosed_plants, serial_glass, glass_columns_a,
          glass_columns_a, glass_columns_b, glass_columns_a, glass_columns_b,
          glass_columns_c, glass_columns_a, glass_columns_b, minmay_ruptured
D:5:      layout_rooms, nemelex_xobeh_ov_fountains_minmay
D:6:      layout_layer_cave, serial_shops, nicolae_shop_just_a_little_nook, shop
D:7:      layout_basic, kennysheep_generic_room_6
D:8:      layout_rooms, erik_lair_orcish_takeover, chequers_ossuary_entry_cave
D:9:      layout_cross, ebering_ghost_funeral_grove, minmay_pinched_square
D:10:     layout_irregular_city, mainiacjoe_overflow_alcove_4, serial_shops,
          shop
D:11:     layout_basic, orc_0_dummy, nicolae_trove_entry_isolated,
          minmay_shop_enchanted_jewellery
D:12:     layout_cave_pools, dk_noncrumbling_2, uniq_nergalle
D:13:     minmay_blocky_corners, layout_cave_pools, minmay_splitting_lines
D:14:     layout_basic, david_vaults_4, grunt_gozag_breadcrumbs, uniq_josephine
D:15:     hangedman_slaughterboxes, uniq_rupert
Lair:1:   layout_chaotic_city, basic_altar, grunt_megastairs_3
Lair:2:   layout_misc_corridors, basic_altar, grunt_megastairs_1
Lair:3:   layout_roguey, nicolae_shoals_entry_roost, nicolae_snake_entry_squirm,
          kennysheep_abandoned_house
Lair:4:   layout_cave_pods, grunt_megastairs_2, lemuel_fruit_fields
Lair:5:   grunt_lair_end_beastmaster, layout_gridlike, slime_entry_2,
          serial_bayou_shore_b, grunt_megastairs_5, lemuel_fruit_tree
Shoals:1: layout_shoals, serial_shops, nicolae_shop_peninsula,
          nicolae_shoals_dead_sea_scrolls
Shoals:2: layout_shoals, serial_shops, shop
Shoals:3: argonaut_golden_fleece, layout_shoals
Shoals:4: shoals_end_hangedman, layout_shoals, shoal_ilsuiw, ebering_ghost_xom
Snake:1:  layout_honeycomb, grunt_ministairs_6, nicolae_snake_springs
Snake:2:  layout_onion, serial_shops, nicolae_shop_advertising_works
          [nicolae_subvault_shop_adworks], drop_trap, nicolae_integral_box
Snake:3:  layout_layer_cave, portal_ice_cave_entry_ugly_swarm,
          gammafunk_ghost_necromancy, evilmike_ambush
          [evilmike_ambush_outer_corners, evilmike_ambush_inner_basic]
Snake:4:  minmay_snake_end_coiled, layout_cave_town, nicolae_fountain_basement,
          serial_bayou_shore_b
Orc:1:    layout_diamond_mine, gammafunk_ghost_wrathful_warriors, uniq_erica,
          uniq_urug
Orc:2:    st_orc_congregation, layout_caves, serial_shops, bzr_entry_road,
          guppyfry_orc_lava_fort
Elf:1:    nicolae_elf_arrival_no_cutting_in_line, layout_loops_corners,
          minmay_elf_crystal_heptagon, grunt_ministairs_14, minivault_14,
          uniq_frances
Elf:2:    elven_hall_of_blades_hangedman_original [grunt_blade_entry_basic],
          layout_geoelf_diagonals, serial_shops, shop, shop_coins,
          nicolae_shop_waterfront, small_statue_intersection
Elf:3:    minmay_elf_hall_spiked, layout_loops_ring, serial_shops, shop,
          uniq_mara
Vaults:1: nicolae_vaults_trapezoid_layered, nicolae_vaults_shelves_hall,
          nicolae_vaults_statue_guard, nicolae_vaults_variable_pillar_hall,
          vaults_dpeg_cross, dpeg_vaults_monster_row, hangedman_vaults_trim,
          ontoclasm_vaults_idyll, grunt_vaults_funnel, vaults_dpeg_diagonal,
          layout_vaults_omnigrid, serial_shops, nicolae_shop_tiny_waterfront
Vaults:2: nicolae_vaults_house_2, minmay_crypt_entry_simple_statues,
          nicolae_vaults_sealed_display, grunt_vaults_bifocal, vaults_room_grid,
          hangedman_vaults_cutoff, nicolae_vaults_little_squares_5, v_misc_4,
          nicolae_vaults_doubleplus_tesselated, vaults_room_fours,
          nicolae_vaults_little_squares_4, nicolae_vaults_gold_heap,
          nicolae_vaults_sesquioval_fish, layout_vaults_omnibox
Vaults:3: portal_desolation_entry_nicolae_slug, nicolae_vaults_trapezoid_2,
          hangedman_vaults_stream, hangedman_vaults_maws, vaults_dpeg_ring,
          v_misc_14, nicolae_vaults_tetromino_T_2, hangedman_vaults_stagger,
          ontoclasm_vaults_fault, st_octagons_1, ontoclasm_vaults_ring_large,
          nicolae_vaults_little_ls, nicolae_vaults_yaktaur_gun_rack,
          nicolae_vaults_house_2, layout_vaults_big_cross, serial_glass,
          uniq_donald
Vaults:4: vaults_room_pool, ontoclasm_vaults_ring_square, vaults_room_fours,
          nicolae_vaults_off_center_swirl, vaults_room_fancy_cross,
          ontoclasm_vaults_chip, nicolae_vaults_network_s, v_misc_4,
          vaults_room_stairs_pillars, layout_vaults_chaotic_city, serial_shops,
          shop
Depths:1: layout_roguey, enter_ziggurat_b, hell_entry, minmay_room_of_horrors,
          minmay_crystal_water, hangedman_blasphemy, uniq_asterion
Depths:2: minmay_the_grid_square_5x5_5x5 [minmay_the_grid_square_5x5_inner_z,
          minmay_the_grid_square_5x5_tetrominoes,
          minmay_the_grid_square_5x5_inner_i,
          minmay_the_grid_square_5x5_broken_cross,
          minmay_the_grid_square_5x5_two, minmay_the_grid_square_5x5_minimal,
          minmay_the_grid_square_5x5_prize_gold,
          minmay_the_grid_square_5x5_tri_point,
          minmay_the_grid_square_5x5_prize_snowflake,
          minmay_the_grid_square_5x5_eight,
          minmay_the_grid_square_5x5_hourglass,
          minmay_the_grid_square_5x5_minibox,
          minmay_the_grid_square_5x5_prize_pseudospiral,
          minmay_the_grid_square_5x5_c,
          minmay_the_grid_square_5x5_sharp_hourglass,
          minmay_the_grid_square_5x5_percent,
          minmay_the_grid_square_5x5_prize_open,
          minmay_the_grid_square_5x5_mess,
          minmay_the_grid_square_5x5_prize_open,
          minmay_the_grid_square_5x5_fat_x,
          minmay_the_grid_square_5x5_six_small, minmay_the_grid_square_5x5_comb,
          minmay_the_grid_square_5x5_half_checkered,
          minmay_the_grid_square_5x5_checkered_sparse,
          minmay_the_grid_square_5x5_bite], layout_basic, dk_noncrumbling_4,
          hell_entry, pan_entry, evilmike_spriggan_trog_shrine
Depths:3: cheibrodos_cascadia, layout_cave_pools, nicolae_vehumet_altar_sigil,
          hellmouth_1, abyss_entry, minmay_staircase_windowed_small
Depths:4: grunt_zot_entry_funnels, layout_cave_pools,
          hangedman_decor_diamond_cutter, abyss_entry, pan_entry, hell_entry,
          serial_bayou_shore_a, uniq_margery
Zot:1:    kennysheep_blocky_hall, layout_onion, grunt_megastairs_4
Zot:2:    layout_cathedral_of_symmetry, gammafunk_ghost_mausoleum, st_stairs_4
Zot:3:    minmay_elemental_castle, layout_concentric_octagons
Zot:4:    layout_gridlike
Zot:5:    layout_basic, st_stairs_10

Skill      XL: |  1  2  3  4  5  6  7  8  9 10 11 12 13 14 15 16 17 18 19 20 21 22 23 24 25 |
---------------+----------------------------------------------------------------------------+-----
Ranged Weapons | 1 2 3 4 6 8 9 10 12 13 16 18 19 20 21 22 25 | 25.0
Dodging        | 1 2 3 4 5 6 7 8 11 13 14 16 18 19 20 21 23 | 23.9
Maces & Flails | 1 2 |  2.3
Fighting       | 4 6 7 8 9 11 12 13 15 16 18 20 21 24 | 24.8
Hexes          | 2 4 |  4.0
Spellcasting   | 3 4 |  4.6
Evocations     | 4 6 7 8 12 | 12.8
Fire Magic     | 2 3 |  3.1
Air Magic      | 2 3 |  3.1
Stealth        | 1 2 |  2.8
Transmutations | 2 |  2.7
Earth Magic    | 4 |  4.0
Translocations | 6 |  6.1
Polearms       | |  2.0
Throwing       | |  1.0
Unarmed Combat | |  1.0

Action                     |  1- 3 |  4- 6 |  7- 9 | 10-12 | 13-15 | 16-18 | 19-21 | 22-24 | 25-27 || total
---------------------------+-------+-------+-------+-------+-------+-------+-------+-------+-------++-------
  Melee: Spear             |    18 |     6 |       |       |       |       |       |       |       ||    24
         Tailslap          |     2 |     8 |     6 |     8 |       |       |       |       |       ||    24
         Club              |       |    47 |    40 |    31 |       |       |       |       |       ||   118
         Punch             |       |     1 |       |     1 |       |       |       |       |       ||     2
   Fire: Sling             |   107 |   259 |    64 |       |       |       |       |       |       ||   430
         Shortbow          |       |       |   397 |   822 |  2100 |   787 |       |       |       ||  4106
         Arbalest          |       |       |       |       |       |  1202 |   551 |       |       ||  1753
         Longbow           |       |       |       |       |       |       |   958 |  1057 |   328 ||  2343
  Throw: Dart              |       |     4 |    16 |     3 |     3 |     2 |       |       |     3 ||    31
         Throwing net      |       |       |     2 |     2 |     3 |     1 |       |       |     1 ||     9
   Cast: Ensorcelled Hiber |       |       |       |    17 |     5 |       |       |       |       ||    22
         Passwall          |       |       |       |     5 |       |     3 |    13 |     6 |     4 ||    31
         Inner Flame       |       |       |       |     8 |    70 |       |       |       |       ||    78
         Swiftness         |       |       |       |       |       |     1 |       |       |       ||     1
         Apportation       |       |       |       |       |       |       |       |     2 |     6 ||     8
 Invoke: Curse Item        |       |       |     2 |     5 |     1 |     2 |     1 |     1 |       ||    12
         Shatter the Chain |       |       |       |     1 |     2 |     1 |     2 |       |       ||     6
Ability: Breathe Acid      |       |       |    31 |    18 |    30 |     4 |     8 |     1 |       ||    92
  Evoke: Wand              |     2 |       |    12 |    28 |     8 |       |       |     9 |    19 ||    78
         Condenser vane    |       |       |       |       |     1 |     2 |     2 |     1 |     1 ||     7
         Lightning rod     |       |       |       |       |       |     2 |     4 |       |       ||     6
         Phial of floods   |       |       |       |       |       |     1 |     2 |       |       ||     3
         Phantom mirror    |       |       |       |       |       |     1 |     1 |       |       ||     2
    Use: Scroll            |       |     3 |     5 |    11 |    11 |     5 |     7 |     6 |     8 ||    56
         Potion            |       |       |     1 |     2 |     3 |     2 |     4 |     4 |    15 ||    31
   Stab: Paralysed         |       |       |       |     8 |       |       |       |       |       ||     8
 Armour: Skin              |     7 |    52 |    89 |    75 |   123 |   141 |   147 |   108 |    13 ||   755
  Dodge: Dodged            |    17 |   105 |   374 |   350 |   800 |   945 |   880 |   953 |   167 ||  4591
  Block: Other             |       |       |       |    46 |   194 |   164 |   152 |       |       ||   556
         Reflection        |       |       |       |     8 |    12 |    31 |    16 |       |       ||    67

Table legend: (Time is in decaauts)
 A = Elapsed time spent in this place.
 B = Non-inter-level travel time spent in this place.
 C = Inter-level travel time spent in this place.
 D = Time resting spent in this place.
 E = Time spent auto-exploring this place.
 F = Levels seen in this place.
 G = Mean time per level.
                   A        B        C        D        E       F      G
               +--------+--------+--------+--------+--------+-----+--------+
         Total |  63462 |  55332 |   8130 |  13834 |  24606 |  55 | 1153.9 |
       Dungeon |  20029 |  16188 |   3841 |   3627 |   8395 |  15 | 1335.3 |
          Lair |   8909 |   7522 |   1387 |   2252 |   3074 |   5 | 1781.8 |
        Shoals |   4413 |   3870 |    543 |    593 |   2081 |   4 | 1103.2 |
     Snake Pit |   7448 |   7036 |    412 |   2206 |   3174 |   4 | 1862.0 |
  Orcish Mines |   3446 |   3111 |    335 |    906 |   1136 |   2 | 1723.0 |
   Elven Halls |   3404 |   2952 |    452 |    508 |   1546 |   3 | 1134.7 |
        Vaults |   7564 |   6863 |    701 |   2138 |   3358 |   4 | 1891.0 |
        Depths |   4740 |   4325 |    415 |    747 |   1662 |   4 | 1185.0 |
           Zot |   1713 |   1672 |     41 |    525 |      0 |   5 |  342.6 |
         Abyss |   1176 |   1176 |      0 |    120 |     31 |   5 |  235.2 |
        Bazaar |     76 |     76 |      0 |      0 |     47 |   1 |   76.0 |
         Trove |     85 |     85 |      0 |      0 |      0 |   1 |   85.0 |
       Ossuary |    425 |    425 |      0 |    210 |    100 |   1 |  425.0 |
    Desolation |     28 |     28 |      0 |      0 |      0 |   1 |   28.0 |
               +--------+--------+--------+--------+--------+-----+--------+

Top non-repeatable levels by time:
    D:15: 2638 daAuts
  Lair:1: 2489 daAuts
Vaults:1: 2473 daAuts
   Orc:2: 2417 daAuts
 Snake:4: 2290 daAuts
  Lair:5: 2286 daAuts
Vaults:3: 2238 daAuts
     D:8: 2104 daAuts
  Lair:3: 2031 daAuts
 Snake:3: 1911 daAuts
     D:9: 1700 daAuts
 Snake:1: 1670 daAuts
     D:6: 1649 daAuts
Shoals:4: 1610 daAuts
 Snake:2: 1575 daAuts
